 Dungeon Crawl Stone Soup version 0.31-a0-618-g7ca08c1ff9 (webtiles) character file.

Game seed: 12537697192778310930

1351 thirtiethelement the Firebug (level 8, -4/51 (58) HPs)
             Began as a Demonspawn Cinder Acolyte on Aug 22, 2023.
             Was a High Priest of Ignis.
             Slain by a wight
             ... wielding a +0 scimitar
              (5 damage)
             ... on level 6 of the Dungeon.
             The game lasted 00:15:54 (5459 turns).

thirtiethelement the Firebug (DsCA)                 Turns: 5459, Time: 00:15:54

HP:   -4/51 (58)    AC:  4    Str: 15    XL:     8   Next: 36%
MP:   0/14          EV: 11    Int: 18    God:    Ignis [*****.]
Gold: 281           SH:  0    Dex:  8    Spells: 12/16 levels left

rFire   + . .        n - +2 flail (drain)
rCold   + . .        (no shield)
rNeg    . . .        j - +0 leather armour
rPois   .            (helmet restricted)
rElec   .            u - +0 cloak
rCorr   .            (no gloves)
SInv    .            (no boots)
Will    .....        i - amulet of regeneration
Stlth   ++           r - ring of protection from cold
HPRegen 1.08/turn    (no ring)
MPRegen 0.28/turn

%: guardian spirit
@: heavily drained
A: horns 1, magic shield, magic regeneration, demonic magic 1
a: Renounce Religion, Fiery Armour, Foxfire Swarm, Rising Flame


You were on level 6 of the Dungeon.
You worshipped Ignis.
Ignis was extremely pleased with you.
You visited 2 branches of the dungeon, and saw 8 of its levels.
You also visited: Sewer.

You collected 281 gold pieces.

Inventory:

Hand Weapons
 a - a -1 hand axe of flaming
 n - a +2 flail of draining (weapon)
Armour
 j - a +0 leather armour (worn)
 u - a +0 cloak (worn)
Jewellery
 i - an amulet of regeneration (around neck)
 o - the ring of the Failed Coup {Ice rPois rN+ Int+4 Slay-6}
   (You found it on level 3 of the Dungeon)

   [ring of ice]

   Ice:       It enhances your ice magic.
   Int+4:     It affects your intelligence (+4).
   Slay-6:    It affects your accuracy & damage with ranged weapons and melee
   (-6).
   rF-:       It makes you vulnerable to fire.
   rC+:       It protects you from cold.
   rPois:     It protects you from poison rN+: It protects you from negative
   energy.
 r - a ring of protection from cold (left hand)
Talismans
 g - a maw talisman
 q - a serpent talisman
Scrolls
 e - a scroll of vulnerability
 f - 2 scrolls of teleportation
 l - a scroll of blinking
 p - 2 scrolls of enchant armour
 t - a scroll of enchant weapon
 v - a scroll of immolation {unknown}
Potions
 b - 2 potions of might
 c - a potion of curing
 d - a potion of ambrosia {unknown}
 h - 2 potions of attraction {unknown}
 k - 2 potions of brilliance
 m - a potion of haste
 s - 2 potions of heal wounds


   Skills:
 + Level 3.3 Fighting
 + Level 3.5(3.8) Axes
 + Level 1.7(2.9) Maces & Flails
 + Level 1.9 Armour
 + Level 1.4 Dodging
 + Level 2.6 Stealth
 + Level 4.6 Spellcasting
 + Level 0.9 Conjurations
 + Level 6.1 Fire Magic
 + Level 2.0 Ice Magic


You had 12 spell levels left.
You knew the following spells:

 Your Spells              Type           Power      Damage    Failure   Level
a - Scorch                Fire           52%        2d7       1%          2
b - Foxfire               Conj/Fire      68%        2x1d7     4%          1
c - Freeze                Ice            44%        1d6       8%          1

Your spell library contained the following spells:

 Spells                   Type           Power      Damage    Failure   Level
 Frozen Ramparts          Ice            22%        1d4       22%         3
 Hailstorm                Conj/Ice       9%         3d4       28%         3
 Starburst                Conj/Fire      8%         6d4       99%         6
 Plasma Beam              Fire/Air       7%         2x1d18    100%        6


Dungeon Overview and Level Annotations

Branches:
Dungeon (7/15)             Temple (1/1) D:4           Sewer (visited)

Altars:
Cheibriados
Dithmenos
Fedhas
Gozag
Kikubaaqudgha
Makhleb
Nemelex Xobeh
Okawaru
Qazlal
Sif Muna
Trog
Vehumet
Xom


Innate Abilities, Weirdness & Mutations

You have a pair of small horns on your head.
When hurt, damage is shared between your health and your magic reserves.
You regenerate magic rapidly.
Spells you cast may paralyse adjacent enemies.


Message History

The helpless wight fails to defend itself.
You hit the wight but do no damage.
You headbutt the wight, but do no damage.
The wight is severely damaged.
The wight is no longer paralysed.
The wight barely misses you. The wight misses you.
Casting: Freeze (safe; 8% risk of failure)
Confirm with . or Enter, or press ? or * to list all spells.
Aiming: Freeze (safe; 8% risk of failure)
Press: ? - help, Shift-Dir - straight line, f/p - wight
Aim: a wight, wielding a +0 scimitar and wearing a +0 robe (severely damaged)
You freeze the wight but do no damage.
The wight completely resists.
Malevolent energies surge around you. The wight hits you with a +0 scimitar!
Casting: Freeze (safe; 8% risk of failure)
Confirm with . or Enter, or press ? or * to list all spells.
Aiming: Freeze (safe; 8% risk of failure)
Press: ? - help, Shift-Dir - straight line, f/p - wight
Aim: a wight, wielding a +0 scimitar and wearing a +0 robe (severely damaged)
You freeze the wight but do no damage.
The wight completely resists.
Malevolent energies surge around you. The wight hits you with a +0 scimitar!
* * * LOW HITPOINT WARNING * * *
You hit the wight. Your headbutt misses the wight.
The wight is severely damaged.
The wight hits you with a +0 scimitar!
* * * LOW HITPOINT WARNING * * *
You hit the wight but do no damage.
The wight is severely damaged.
The wight closely misses you.
You closely miss the wight.
The wight is severely damaged.
The wight closely misses you.
You hit the wight but do no damage.
The wight is severely damaged.
The wight completely misses you. The wight barely misses you.
You hit the wight but do no damage.
The wight is severely damaged.
The wight hits you with a +0 scimitar!
* * * LOW HITPOINT WARNING * * *
You feel drained.
You die...

.......#......#..................
.......#......'.....##.....##...#
.......#......#.....##.....##...#
######'#......#.............#....
..............#.............#....
..............#.............#....
..............#............)#....
.......<......#.....###....##....
..............#z@...#########....
..............#.......#....#.....
##............#.......#....#.....
#........<...#.......'....#.....
#............'.......#....#.....
#............#.......#....'.....
#............#.......#....#.....
#............###################
##############


You could see a wight.

Vanquished Creatures
  Sigmund (D:6)
  A steam dragon (D:7)
  Pargi (Sewer)
  A sky beast (D:6)
  2 ogres
  A scorpion (D:4)
  2 wights (D:7)
  5 jellies
  4 hounds
  An orc priest (D:5)
  2 orc wizards (D:5)
  10 adders
  2 ufetubi
  A worm (D:2)
  6 dart slugs
  6 orcs
  2 endoplasms
  8 giant cockroaches
  6 goblins
  7 hobgoblins
  3 quokkas
  8 ball pythons
  7 bats
  5 frilled lizards
  2 kobolds
  4 rats
98 creatures vanquished.

Vanquished Creatures (others)
  67 foxfires
67 creatures vanquished.

Grand Total: 165 creatures vanquished

Notes
Turn   | Place    | Note
-------+----------+-------------------------------------------
     0 | D:1      | thirtiethelement the Demonspawn Cinder Acolyte began the
                  | quest for the Orb.
     0 | D:1      | Reached XP level 1. HP: 18/18 MP: 2/2
   163 | D:1      | You fall into a shaft and drop 1 floor!
   270 | D:1      | Gained mutation: You have a pair of small horns on your
                  | head. [demonic ancestry]
   270 | D:1      | Reached XP level 2. HP: 20/24 MP: 3/3
   273 | D:1      | Learned a level 2 spell: Scorch
   775 | D:1      | Reached skill level 3 in Fire Magic
  1106 | D:2      | Reached XP level 3. HP: 15/29 MP: 2/4
  1757 | D:2      | Gained mutation: Spells you cast may paralyse adjacent
                  | enemies. [demonic ancestry]
  1757 | D:2      | Reached XP level 4. HP: 35/35 MP: 1/6
  2196 | D:3      | Learned a level 1 spell: Foxfire
  2361 | D:3      | Identified the ring of the Failed Coup {Ice rPois rN+ Int+4
                  | Slay-6}
  2911 | D:4      | Reached XP level 5. HP: 20/41 MP: 1/8
  3012 | D:4      | Found a glowing drain.
  3019 | Sewer    | Entered a sewer
  3049 | Sewer    | Noticed Pargi
  3053 | Sewer    | Killed Pargi
  3054 | Sewer    | Reached skill level 1 in Armour
  3054 | Sewer    | Reached skill level 4 in Fire Magic
  3332 | D:4      | Found a staircase to the Ecumenical Temple.
  3424 | D:4      | Found a blossoming altar of Fedhas.
  3435 | D:4      | Gained mutation: You regenerate magic rapidly. [demonic
                  | ancestry]
  3435 | D:4      | Reached XP level 6. HP: 42/47 MP: 0/10
  3635 | D:4      | Learned a level 1 spell: Freeze
  3841 | Temple   | Entered the Ecumenical Temple
  3889 | D:5      | Entered Level 5 of the Dungeon
  3898 | D:5      | Reached skill level 5 in Fire Magic
  3959 | D:5      | Reached skill level 1 in Stealth
  3988 | D:5      | Reached XP level 7. HP: 52/52 MP: 1/12
  4069 | D:5      | Reached skill level 1 in Ice Magic
  4341 | D:5      | Reached skill level 1 in Dodging
  4944 | D:6      | Reached skill level 1 in Maces & Flails
  4981 | D:6      | Noticed Sigmund
  4987 | D:6      | Killed Sigmund
  4988 | D:6      | Reached skill level 6 in Fire Magic
  4988 | D:6      | Gained mutation: When hurt, damage is shared between your
                  | health and your magic reserves. [demonic ancestry]
  4988 | D:6      | Reached XP level 8. HP: 58/58 MP: 5/14
  5459 | D:6      | HP: 1/53 [wight/+0 scimitar (13)]
  5459 | D:6      | Slain by a wight

Illustrated notes

Levels and vault maps discovered:
D:1:      heliophobic_arrival_henge, layout_basic, minivault_4
D:2:      layout_basic
D:3:      layout_loops_cross
D:4:      layout_rooms, mainiacjoe_overflow_tiny_flanked, temple_doors_e,
          lightli_sewer_entry_pipes
D:5:      layout_rooms, nrook_pool_corridor
D:6:      layout_gridville, uniq_sigmund
D:7:      layout_loops_ring, nicolae_overflow_macrodata_refinement,
          mainiacjoe_overflow_catwalk_spiral, corexii_checkpoint_a, uniq_joseph
Temple:   nicolae_temple_superstar

Skill      XL: |  1  2  3  4  5  6  7  8 |
---------------+-------------------------+-----
Axes           | 3 |  3.5
Fire Magic     | 3 4 5 6 |  6.1
Spellcasting   | 2 3 4 |  4.6
Armour         | 1 |  1.9
Stealth        | 1 2 |  2.6
Ice Magic      | 1 2 |  2.0
Dodging        | 1 |  1.4
Maces & Flails | 1 |  1.7
Fighting       | |  3.3
Conjurations   | |  0.9

Action                     |  1- 3 |  4- 6 |  7- 9 || total
---------------------------+-------+-------+-------++-------
  Melee: Hand axe          |    62 |     5 |       ||    67
         Headbutt          |     2 |     4 |     4 ||    10
         Punch             |     1 |     1 |       ||     2
         Flail             |       |    25 |    24 ||    49
   Cast: Scorch            |    25 |    36 |    28 ||    89
         Foxfire           |       |    16 |    22 ||    38
         Freeze            |       |     5 |    18 ||    23
    Use: Potion            |       |     8 |       ||     8
         Scroll            |       |     4 |     1 ||     5
   Stab: Paralysed         |       |     7 |    14 ||    21
 Armour: Robe              |    17 |       |       ||    17
         Leather armour    |     3 |     3 |     6 ||    12
  Dodge: Dodged            |    40 |    34 |    32 ||   106

Table legend: (Time is in decaauts)
 A = Elapsed time spent in this place.
 B = Non-inter-level travel time spent in this place.
 C = Inter-level travel time spent in this place.
 D = Time resting spent in this place.
 E = Time spent auto-exploring this place.
 F = Levels seen in this place.
 G = Mean time per level.
                   A        B        C        D        E       F      G
               +--------+--------+--------+--------+--------+-----+--------+
         Total |   5548 |   5387 |    161 |    118 |   4320 |   9 |  616.4 |
       Dungeon |   5208 |   5058 |    150 |     59 |   4190 |   7 |  744.0 |
        Temple |     19 |      9 |     10 |      0 |      0 |   1 |   19.0 |
         Sewer |    320 |    320 |      0 |     59 |    129 |   1 |  320.0 |
               +--------+--------+--------+--------+--------+-----+--------+

Top non-repeatable levels by time:
     D:2: 1014 daAuts
     D:1: 985 daAuts
     D:3: 850 daAuts
     D:6: 793 daAuts
     D:4: 779 daAuts
     D:5: 600 daAuts
   Sewer: 320 daAuts
     D:7: 185 daAuts
  Temple: 19 daAuts
